 Dungeon Crawl Stone Soup version 0.24-a0-447-ge8da9206dc (webtiles) character file.

Game seed: 4267640214084461352

183 pk666 the Magician (level 5, -1/28 HPs)
             Began as a Deep Elf Wizard on June 25, 2019.
             Slain by an orc
             ... wielding a +0 dagger
              (4 damage)
             ... on level 3 of the Dungeon.
             The game lasted 00:04:49 (2972 turns).

pk666 the Magician (Deep Elf Wizard)                Turns: 2972, Time: 00:04:50

Health: -1/28      AC:  2    Str:  4    XL:     5   Next: 35%
Magic:  2/15       EV: 13    Int: 24    God:
Gold:   106        SH:  0    Dex: 13    Spells: 4/15 levels left

rFire    . . .     SeeInvis .   h - +0 dagger
rCold    . . .     Gourm    .   (no shield)
rNeg     . . .     Faith    .   a - +0 robe
rPois    .         Spirit   .   b - +0 hat
rElec    .         Reflect  .   (no cloak)
rCorr    .         Harm     .   (no gloves)
MR       .....                  (no boots)
Stlth    ++........             (no amulet)
HPRegen  0.09/turn              (no ring)
MPRegen  0.14/turn              (no ring)

@: no status effects
A: no striking features
a: no special abilities


You were on level 3 of the Dungeon.
You were not hungry.

You visited 1 branch of the dungeon, and saw 3 of its levels.

You collected 106 gold pieces.

Inventory:

Hand Weapons
 h - a +0 dagger (weapon)
Armour
 a - a +0 robe (worn)
 b - a +0 hat (worn)
 f - a +0 pair of gloves
Jewellery
 r - a cursed amulet of inaccuracy {unknown}
Wands
 p - a wand of paralysis (6)
Scrolls
 c - 2 scrolls of immolation {unknown}
 e - 4 scrolls of teleportation {unknown}
 g - 3 scrolls of identify {unknown}
 i - a scroll of fear {unknown}
 j - a scroll of fog {unknown}
 o - 2 scrolls of remove curse {unknown}
 t - a scroll of enchant weapon {unknown}
Potions
 k - 2 potions of agility {unknown}
 l - a potion of curing {unknown}
 m - a potion of resistance {unknown}
 n - a potion of ambrosia {unknown}
 q - a potion of might {unknown}
 u - a potion of haste {unknown}
Comestibles
 d - 3 rations
 s - a chunk of flesh


   Skills:
 - Level 3.1 Dodging
 - Level 2.4 Stealth
 + Level 5.7 Spellcasting
 + Level 3.1 Conjurations
 - Level 1.1 Summonings
 - Level 1.1 Translocations
 + Level 2.0 Fire Magic
 - Level 2.1 Poison Magic


You had 4 spell levels left.
You knew the following spells:

 Your Spells              Type           Power        Failure   Level  Hunger
a - Magic Dart            Conj           ###.         2%          1    None
b - Blink                 Tloc           N/A          8%          2    None
c - Conjure Flame         Conj/Fire      ###.....     9%          3    #......
d - Mephitic Cloud        Conj/Pois/Air  ###.....     12%         3    #......
e - Call Imp              Summ           ##......     8%          2    None

Your spell library contained the following spells:

 Spells                   Type           Power        Failure   Level  Hunger
 Slow                     Hex            #.......     12%         2    None


Dungeon Overview and Level Annotations

Branches:
Dungeon (3/15)

Altars:
Yredelemnul


Message History

The magic dart hits the orc wizard.
You kill the orc wizard!
Training target 2.0 for Poison Magic reached!
Your Conjurations skill increases to level 3!
Your Fire Magic skill increases to level 2!
Your Poison Magic skill increases to level 2!
The adder barely misses you. The orc hits you.
* * * LOW HITPOINT WARNING * * *
The adder misses you. The orc hits you with a +0 dagger.
* * * LOW HITPOINT WARNING * * *
Casting: Magic Dart (safe; 2% risk of failure)
Confirm with . or Enter, or press ? or * to list all spells.
Aiming: Magic Dart (safe; 2% risk of failure)
Press: ? - help, Shift-Dir - straight line, f - orc
Aim: an orc, wielding a +0 dagger and wearing a +0 chain mail The magic dart hits the orc but does no damage.
The orc barely misses you. The giant cockroach closely misses you.
The adder bites you but does no damage. The orc misses you.
The orc hits you with a +0 dagger.
You die...

#..#.........
#............
.####............
#.>...........?...
..................
##.................
..........ooS.....)
#.........@s...#.
#..........o......
#####............####.
#...........##.###
#...........##.##
#.....###(#.##..#.#
#......##.#...<...#
#.............###..#
#................# ...


You could see an adder, 3 orcs and a giant cockroach.

Vanquished Creatures
  An orc wizard (D:3)
  A worker ant (D:2)
  3 gnolls (D:2)
  4 adders
  An ooze (D:2)
  3 worms (D:2)
  2 dart slugs (D:2)
  2 leopard geckos (D:2)
  An orc (D:3)
  4 bats
  2 giant cockroaches (D:1)
  4 goblins
  4 hobgoblins
  2 jackals (D:2)
  A quokka (D:2)
  A ball python (D:2)
  6 frilled lizards (D:2)
  3 kobolds (D:2)
  9 rats
54 creatures vanquished.

Notes
Turn   | Place    | Note
-------+----------+-------------------------------------------
     0 | D:1      | pk666 the Deep Elf Wizard began the quest for the Orb.
     0 | D:1      | Reached XP level 1. HP: 10/10 MP: 7/7
   565 | D:1      | Reached XP level 2. HP: 15/15 MP: 7/9
  1049 | D:2      | Reached skill level 5 in Spellcasting
  1201 | D:2      | Reached XP level 3. HP: 10/19 MP: 1/11
  1288 | D:2      | Learned a level 2 spell: Blink
  1292 | D:2      | Learned a level 3 spell: Conjure Flame
  1296 | D:2      | Learned a level 3 spell: Mephitic Cloud
  1299 | D:2      | Learned a level 2 spell: Call Imp
  1388 | D:2      | Found a faded altar of an unknown god.
  1665 | D:2      | Reached skill level 1 in Fire Magic
  1665 | D:2      | Reached skill level 1 in Poison Magic
  1716 | D:2      | Reached XP level 4. HP: 23/24 MP: 11/13
  2532 | D:2      | Found a basalt altar of Yredelemnul.
  2575 | D:2      | Reached XP level 5. HP: 21/28 MP: 11/15
  2972 | D:3      | Slain by an orc

Levels and vault maps discovered:
D:1:      minmay_arrival_checkered_box, layout_loops_ring, chequers_jeans
D:2:      minmay_angry_zag, layout_loops_cross, yredelemnul_altar_generic,
          chequers_ecumenical_altar_island, grunt_ministairs_7
D:3:      layout_rooms

Skill      XL: |  1  2  3  4  5 |
---------------+----------------+-----
Dodging        | 3 |  3.1
Conjurations   | 2 3 |  3.1
Spellcasting   | 5 |  5.7
Fire Magic     | 1 2 |  2.0
Poison Magic   | 1 2 |  2.1
Stealth        | |  2.4
Summonings     | |  1.1
Translocations | |  1.1

Action                   |  1- 3 |  4- 6 || total
-------------------------+-------+-------++-------
 Cast: Magic Dart        |    94 |    80 ||   174
       Conjure Flame     |     1 |       ||     1
  Eat: Ration            |     1 |       ||     1
       Chunk             |       |     3 ||     3
Armor: Robe              |     3 |     4 ||     7
Dodge: Dodged            |    16 |    18 ||    34

Table legend:
 A = Non-vault XP
 B = Vault XP
 C = Vault XP percentage of total XP
 D = Non-vault monster count
 E = Vault monster count
 F = Vault count percentage of total count
                 A         B        C        D         E       F
            +---------+---------+-------+---------+---------+-------
      Total |     241 |      21 |   8.0 |      47 |       7 |  13.0
            +---------+---------+-------+---------+---------+-------
        D:1 |      16 |       0 |   0.0 |      10 |       0 |   0.0
        D:2 |     166 |      21 |  11.2 |      34 |       7 |  17.1
        D:3 |      59 |       0 |   0.0 |       3 |       0 |   0.0
            +---------+---------+-------+---------+---------+-------
